 Dungeon Crawl Stone Soup version 0.31-a0-441-g867994ef1c (webtiles) character file.

Game seed: 2707508005142156948

205 jlumianski the Magician (level 6, -7/45 HPs)
             Began as a Djinni Fire Elementalist on Aug 3, 2023.
             Splashed by a jelly's acid (11 damage)
             ... in a sewer.
             The game lasted 00:08:05 (922 turns).

jlumianski the Magician (Djinni Fire Elementalist)   Turns: 922, Time: 00:08:06

Health: -7/45      AC: -6    Str:  7    XL:     6   Next: 9%
Gold:   19         EV: 13    Int: 18    God:
                   SH:  0    Dex: 14

rFire   + + .        h - +1 dagger (elec)
rCold   x . .        (no shield)
rNeg    . . .        a - +0 robe
rPois   ∞            (no helmet)
rElec   .            (no cloak)
rCorr   .            (no gloves)
SInv    .            (boots unavailable)
Will    .....        (no amulet)
Stlth   ++           (no ring)
HPRegen 0.27/turn    (no ring)
MPRegen 0.00/turn

%: infuse magic (-8 HP)
@: corroded, flying, very slightly contaminated
A: sickness immunity, fire resistance 2, cold vulnerability 1, float, innate
caster, HP casting, extra vitality 1
a: no special abilities


You were in a sewer.
You visited 1 branch of the dungeon, and saw 4 of its levels.
You also visited: Sewer.

You collected 19 gold pieces.

Inventory:

Hand Weapons
 c - a +0 short sword
 d - a +0 flail
 h - a +1 dagger of electrocution (weapon)
Armour
 a - a +0 robe (worn)
 g - a +0 leather armour
Scrolls
 e - a scroll of fear
 f - a scroll of torment
 i - a scroll of revelation {unknown}
Potions
 b - 2 potions of heal wounds
 j - 2 potions of magic
 k - a potion of might {unknown}


   Skills:
 * Level 2.6 Fighting
 + Level 0.7 Short Blades
 + Level 0.1 Maces & Flails
 + Level 3.3 Dodging
 + Level 2.3 Stealth
 * Level 3.7 Spellcasting
 * Level 3.7 Conjurations
 * Level 3.7 Hexes
 * Level 3.7 Summonings
 * Level 3.7 Necromancy
 * Level 3.7 Translocations
 * Level 3.7 Transmutations
 * Level 3.7 Fire Magic
 * Level 3.7 Ice Magic
 * Level 3.7 Air Magic
 * Level 3.7 Earth Magic
 * Level 3.7 Poison Magic


You knew the following spells:

 Your Spells              Type           Power      Damage    Failure   Level
a - Foxfire               Conj/Fire      64%        2x1d7     3%          1
b - Scorch                Fire           32%        2d6       4%          2
c - Volatile Blastmotes   Fire/Tloc      32%        2d12      10%         3
d - Inner Flame           Hex/Fire       16%        N/A       10%         3
e - Flame Wave            Conj/Fire      16%        2d7       32%         4
f - Summon Small Mammal   Summ           64%        N/A       3%          1
g - Ensorcelled Hibernat  Hex/Ice        32%        N/A       4%          2
Your spell library was empty.

Dungeon Overview and Level Annotations

Branches:
Dungeon (4/15)              Sewer (1/1)
 Temple: D:4-7

Altars:


Innate Abilities, Weirdness & Mutations

You are immune to sickness and miasma.
You are immune to poison.
Your flesh is very heat resistant. (rF++)
You are vulnerable to cold. (rC-)
You float through the air rather than walking.
You learn spells naturally, not from books.
Your magical power is your life essence.
You have superior vitality. (+4 MHP)


Message History

The endoplasm barely misses you.
You hit the endoplasm.
Lightning courses through the endoplasm!
You kill the endoplasm!
The jelly quivers.
The jelly misses you.
You barely miss the jelly. The jelly misses you.
Casting: Foxfire (safe; 3% risk of failure)
Confirm with . or Enter, or press ? or * to list all spells.
Aiming: Ensorcelled Hibernation (safe; 4% risk of failure)
Press: ? - help, Shift-Dir - straight line, f - jelly
Aim: a jelly (chance to affect: 58%)
The jelly resists with significant effort.
The jelly hits you. The acid corrodes you!
You are splashed with acid!
Casting: Ensorcelled Hibernation (safe; 4% risk of failure)
Confirm with . or Enter, or press ? or * to list all spells.
Aiming: Ensorcelled Hibernation (safe; 4% risk of failure)
Press: ? - help, Shift-Dir - straight line, f/p - jelly
Aim: a jelly (chance to affect: 58%)
The jelly looks drowsy...
The helpless jelly fails to defend itself.
You puncture the jelly!
Your hands burn!
The jelly is heavily wounded.
The jelly hits you. The acid corrodes you!
You are splashed with acid!
Casting: Ensorcelled Hibernation (safe; 4% risk of failure)
Confirm with . or Enter, or press ? or * to list all spells.
You miscast Scorch.
You are very lightly contaminated with residual magic.
Nothing appears to happen.
The jelly closely misses you.
Casting: Scorch (safe; 4% risk of failure)
Confirm with . or Enter, or press ? or * to list all spells.
Flames lash the jelly.
The jelly is severely wounded.
The jelly's fire resistance burns away.
The jelly hits you.
You are splashed with acid!
* * * LOW HITPOINT WARNING * * *
The jelly attacks as you move away! The jelly hits you.
* * * LOW HITPOINT WARNING * * *
The acid corrodes you!
You are splashed with acid!
You die...

#~~.##...##.~.##.~##~.#
##.~~~...#...##~~~##.~####
##~.~~~...~##...###..~†.~
###~..~.~.##..## #~~~†..
###~~~~~~#### #######
##....~.~~## ##~~~###~~~.#
#...##!##~~.##
#~.##~@J##.~.###
#.~..~~~~#~~...########
##~~..#.!##~~†~..††..~†
##~.#########.~.††~~~~
#### ##########


You could see a jelly (combustible).

Vanquished Creatures
  3 jellies (Sewer)
  3 adders (Sewer)
  4 river rats
  A worm (Sewer)
  3 orcs (D:3)
  4 ball pythons
  A bat (D:3)
  8 endoplasms (Sewer)
  7 giant cockroaches
  A goblin (D:1)
  2 hobgoblins
  A quokka (D:3)
  6 frilled lizards
  A kobold (D:3)
  4 rats
49 creatures vanquished.

Vanquished Creatures (others)
  69 foxfires
69 creatures vanquished.

Grand Total: 118 creatures vanquished

Notes
Turn   | Place    | Note
-------+----------+-------------------------------------------
     0 | D:1      | jlumianski the Djinni Fire Elementalist began the quest for
                  | the Orb.
     0 | D:1      | jlumianski set off with the following spells memorised:
                  | Foxfire, Scorch, Volatile Blastmotes, Inner Flame, Flame
                  | Wave.
     0 | D:1      | Reached XP level 1. HP: 15/15 MP: 0/0
    61 | D:3      | Reached XP level 2. HP: 20/22 MP: 0/0
   401 | D:3      | Found a glowing drain.
   409 | D:3      | Reached skill level 1 in Fighting
   409 | D:3      | Reached XP level 3. HP: 25/27 MP: 0/0
   409 | D:3      | Learned a level 1 spell: Summon Small Mammal
   415 | Sewer    | Entered a sewer
   537 | Sewer    | Reached XP level 4. HP: 19/32 MP: 0/0
   666 | Sewer    | Reached XP level 5. HP: 20/38 MP: 0/0
   666 | Sewer    | Learned a level 2 spell: Ensorcelled Hibernation
   800 | Sewer    | Found a viscous altar of Jiyva.
   885 | Sewer    | Reached XP level 6. HP: 44/45 MP: 0/0
   922 | Sewer    | Splashed by a jelly's acid

Illustrated notes

Levels and vault maps discovered:
D:1:      dpeg_arrival_simpleton_a, layout_loops_cross,
          shapermc_ecumenical_altar_rom_forum
D:2:      layout_basic, interstate_on_off, uniq_robin
D:3:      layout_basic, gup_sewer_entry_bowl
D:4:      layout_basic, minmay_misc_feat_encased, minmay_ruined_shrine
Sewer:    sewer_hellmonk_slimy_pipes

Skill      XL: |  1  2  3  4 |
---------------+-------------+-----
Spellcasting   | |  3.7
Conjurations   | |  3.7
Hexes          | |  3.7
Summonings     | |  3.7
Necromancy     | |  3.7
Translocations | |  3.7
Transmutations | |  3.7
Fire Magic     | |  3.7
Ice Magic      | |  3.7
Air Magic      | |  3.7
Earth Magic    | |  3.7
Poison Magic   | |  3.7
Fighting       | 1 2 |  2.6
Stealth        | 2 |  2.3
Dodging        | 3 |  3.3
Short Blades   | |  0.7
Maces & Flails | |  0.1

Action                     |  1- 3 |  4- 6 || total
---------------------------+-------+-------++-------
  Melee: Dagger            |    12 |    19 ||    31
         Flail             |     2 |       ||     2
         Punch             |       |     1 ||     1
   Cast: Foxfire           |    28 |    11 ||    39
         Scorch            |     3 |     7 ||    10
         Volatile Blastmot |     1 |     1 ||     2
         Ensorcelled Hiber |       |     2 ||     2
    Use: Scroll            |     2 |       ||     2
         Potion            |       |     2 ||     2
   Stab: Distracted        |     1 |       ||     1
         Sleeping          |       |     1 ||     1
 Armour: Robe              |     3 |     3 ||     6
  Dodge: Dodged            |    17 |    15 ||    32

Table legend: (Time is in decaauts)
 A = Elapsed time spent in this place.
 B = Non-inter-level travel time spent in this place.
 C = Inter-level travel time spent in this place.
 D = Time resting spent in this place.
 E = Time spent auto-exploring this place.
 F = Levels seen in this place.
 G = Mean time per level.
                   A        B        C        D        E       F      G
               +--------+--------+--------+--------+--------+-----+--------+
         Total |    920 |    920 |      0 |    166 |    338 |   5 |  184.0 |
       Dungeon |    414 |    414 |      0 |      0 |    235 |   4 |  103.5 |
         Sewer |    506 |    506 |      0 |    166 |    103 |   1 |  506.0 |
               +--------+--------+--------+--------+--------+-----+--------+

Top non-repeatable levels by time:
   Sewer: 506 daAuts
     D:3: 356 daAuts
     D:2: 28 daAuts
     D:1: 27 daAuts
     D:4: 1 daAuts
